AoeStats
← [Massa] Edo

Arena

504276336Analyzed
2v2 RM · 28d ago on Sep 4, 2026· 55m 39s· 4 players
Game mode
Random Map
Map size
Medium (4 player)
Population
200
Speed
Normal
Resources
Standard
Victory
Conquest
Starting age
Dark Age
Ending age
Imperial Age
RankedLock teamsTeams togetherTeam positionsShared explorationLock speedFull tech treeHidden civsTurbo modeCheats
Victory
Defeat
🇧🇷 Ethiopians · Brazil
1451
+13
🇩🇪 Cumans · Germany
1358
+17
🇩🇪 Magyars · Germany
1390
-15
🇩🇪 Romans · Germany
1377
-15
faensi
9:26 Feudal Age
11:00 Double-Bit Axe
10:57 Horse Collar
20:55 Castle Age
20:17 Wheelbarrow
20:08 Gold Mining
22:17 Bow Saw
22:12 Heavy Plow
23:00 Gold Shaft Mining
23:37 Hand Cart
23:10 Loom
23:10 Town Watch
24:07 Scale Barding Armor
24:13 Forging
25:57 Bloodlines
28:58 Imperial Age
27:55 Chain Barding Armor
29:44 Iron Casting
29:21 Light Cavalry
29:28 Elite Steppe Lancer
31:06 Stone Mining
32:54 Blast Furnace
32:29 Plate Barding Armor
32:22 Onager
35:54 Capped Ram
37:31 Caravan
38:31 Conscription
39:39 Crop Rotation
40:11 Two-Man Saw
40:27 Chemistry
39:37 Masonry
40:55 Conscription
40:16 Siege Onager
40:17 Siege Ram
42:05 Fletching
47:17 Town Patrol
48:10 Steppe Husbandry
51:50 Ballistics
52:35 Hussar
[Massa] Edo
9:55 Feudal Age
13:56 Castle Age
12:19 Double-Bit Axe
12:47 Horse Collar
15:17 Bow Saw
21:47 Wheelbarrow
20:58 Loom
23:53 Heavy Plow
23:44 Gold Mining
27:44 Imperial Age
25:20 Crossbowman
26:18 Fletching
26:29 Padded Archer Armor
27:07 Gold Shaft Mining
26:42 Stone Mining
27:24 Ballistics
27:01 Bodkin Arrow
27:59 Leather Archer Armor
28:05 Arbalester
28:49 Bracer
30:58 Chemistry
30:28 Conscription
31:02 Ring Archer Armor
31:15 Murder Holes
32:19 Scale Mail Armor
32:29 Forging
34:09 Two-Man Saw
33:42 Chain Mail Armor
34:09 Stone Shaft Mining
34:56 Thumb Ring
35:12 Hand Cart
35:23 Forging
35:40 Elite Skirmisher
37:11 Siege Engineers
38:18 Plate Mail Armor
38:24 Iron Casting
37:51 Squires
37:36 Arson
41:17 Torsion Engines
41:29 Masonry
45:01 Blast Furnace
46:02 Royal Heirs
45:53 Elite Shotel Warrior
48:05 Caravan
48:31 Halberdier
Espheni
9:54 Feudal Age
10:58 Loom
13:44 Castle Age
11:34 Loom
11:44 Horse Collar
12:38 Double-Bit Axe
16:58 Heavy Plow
17:31 Bow Saw
18:46 Wheelbarrow
19:23 Scale Mail Armor
20:37 Squires
19:58 Man-at-Arms
20:48 Gold Mining
21:46 Chain Mail Armor
21:54 Long Swordsman
23:47 Forging
26:59 Hand Cart
31:22 Imperial Age
29:43 Iron Casting
31:31 Legionary
33:15 Blast Furnace
32:37 Capped Ram
34:35 Town Watch
35:26 Town Patrol
36:41 Heavy Scorpion
37:15 Heavy Scorpion
38:53 Ballistics
40:48 Chemistry
47:11 Conscription
RockAmEdsch
11:03 Feudal Age
14:58 Castle Age
13:53 Double-Bit Axe
13:50 Horse Collar
15:59 Bow Saw
18:01 Loom
18:29 Heavy Plow
22:41 Wheelbarrow
24:16 Gold Mining
25:56 Hand Cart
26:32 Gold Shaft Mining
29:24 Imperial Age
27:01 Fletching
27:42 Stone Mining
28:29 Bodkin Arrow
28:55 Padded Archer Armor
29:17 Ballistics
29:18 Scale Barding Armor
29:20 Padded Archer Armor
29:26 Padded Archer Armor
29:55 Bloodlines
29:45 Husbandry
30:23 Chain Barding Armor
29:28 Heavy Cavalry Archer
31:16 Two-Man Saw
30:26 Bracer
31:46 Chemistry
31:50 Crop Rotation
30:44 Light Cavalry
32:22 Plate Barding Armor
32:04 Leather Archer Armor
32:36 Parthian Tactics
39:39 Elite Skirmisher
Connection lost

Rejoining the realm…

Still unreachable

The connection could not be restored.

Session expired

The server has moved on; the page needs a fresh start.